 Dungeon Crawl Stone Soup version 0.29-a0-892-g2c4c91d9db (webtiles) character file.

Game seed: 3182043572642440896

9956 Querens the Protected (level 12, -6/106 HPs)
             Began as a Meteoran Fighter on July 22, 2022.
             Was an Elder of Makhleb.
             Mangled by an orc warrior
             ... wielding a +0 halberd
              (17 damage)
             ... on level 1 of the Orcish Mines.
             The game lasted 00:24:26 (5554 turns).

Querens the Protected (Meteoran Fighter)            Turns: 5554, Time: 00:24:26

Health: -6/106     AC: 15    Str: 22    XL:     12   Next: 12%
Magic:  19/19      EV: 10    Int: 12    God:    Makhleb [****..]
Gold:   893        SH: 12    Dex: 19    Spells: 11/11 levels left

rFire   . . .      SeeInvis +   V - +1 war axe (vamp)
rCold   . . .      Faith    .   c - +0 buckler
rNeg    . . .      Spirit   .   N - +2 troll leather armour
rPois   .          Reflect  +   p - +0 helmet
rElec   .          Harm     .   F - +2 cloak
rCorr   .          Rampage  .   K - +0 pair of gloves
Will    +....                   D - +0 pair of boots
Stlth   +.........              e - amulet of reflection
HPRegen 1.07/turn               f - ring of see invisible
MPRegen 0.16/turn               P - +6 ring of dexterity

@: glowing
A: sense surroundings 2, otherworldly, glowing, explore regen
a: Renounce Religion, Minor Destruction, Lesser Servant of Makhleb, Major
Destruction


You were on level 1 of the Orcish Mines.
You worshipped Makhleb.
Makhleb was greatly pleased with you.
You visited 3 branches of the dungeon, and saw 11 of its levels.

You collected 893 gold pieces.

Inventory:

Hand Weapons
 b - a +3 hand axe of electrocution
 V - a +1 vampiric war axe (weapon)
Missiles
 j - 4 javelins (quivered)
 M - 4 throwing nets
 U - 4 curare-tipped darts
Armour
 c - a +0 buckler (worn)
 p - a +0 helmet (worn)
 D - a +0 pair of boots (worn)
 F - a +2 cloak (worn)
 K - a +0 pair of gloves (worn)
 N - a +2 troll leather armour (worn)
 W - a +0 plate armour
Jewellery
 e - an amulet of reflection (around neck)
 f - a ring of see invisible (left hand)
 i - an amulet of guardian spirit
 o - a +6 ring of intelligence
 w - a ring of ice
 H - an amulet of magic regeneration
 I - a ring of ice
 P - a +6 ring of dexterity (right hand)
Wands
 g - a wand of mindburst (5)
 y - a wand of charming (6)
 E - a wand of roots (14)
Scrolls
 a - a scroll of magic mapping {unknown}
 h - a scroll of fear {unknown}
 n - 2 scrolls of enchant weapon {unknown}
 s - 2 scrolls of amnesia {unknown}
 x - 3 scrolls of teleportation
 G - a scroll of noise {unknown}
 J - 2 scrolls of poison {unknown}
 Q - a scroll of enchant armour {unknown}
 R - a scroll of silence {unknown}
 S - 2 scrolls of blinking {unknown}
 T - a scroll of torment {unknown}
Potions
 d - a potion of might
 k - 2 potions of brilliance
 l - 3 potions of attraction
 m - 3 potions of heal wounds
 q - 2 potions of degeneration {unknown}
 r - a potion of cancellation {unknown}
 t - a potion of ambrosia {unknown}
 u - a potion of lignification {unknown}
 v - 4 potions of magic
 z - 4 potions of mutation
 A - 4 potions of curing
 B - a potion of berserk rage {unknown}
 C - a potion of haste {unknown}
 O - a potion of flight {unknown}
Miscellaneous
 L - a tin of tremorstones (2/2)


   Skills:
 + Level 9.7 Fighting
 + Level 10.2 Axes
 + Level 10.6 Armour
 + Level 10.5 Shields
 + Level 8.7 Invocations


You had 11 spell levels left.
You didn't know any spells.
Your spell library contained the following spells:

 Spells                   Type           Power      Damage    Failure   Level
 Apportation              Tloc           0%         N/A       41%         1
 Magic Dart               Conj           0%         1d3       41%         1
 Shock                    Conj/Air       0%         1d3       41%         1
 Scorch                   Fire           0%         2d5       56%         2
 Static Discharge         Conj/Air       0%         3-3/arc   56%         2
 Animate Dead             Necr           0%         N/A       99%         4
 Flame Wave               Conj/Fire      0%         2d4       99%         4
 Lightning Bolt           Conj/Air       0%         1d11      100%        5
 Summon Cactus Giant      Summ           0%         N/A       100%        6
 Haunt                    Necr/Summ      0%         N/A       100%        7
 Infestation              Necr           0%         N/A       100%        8
 Maxwell's Capacitive Co  Air            0%         ∞         100%        8


Dungeon Overview and Level Annotations

Branches:
Dungeon (9/15) Zot: 397    Temple (1/1) D:6 Zot: 527    Lair (0/5) D:8
    Orc (1/2) D:9 Zot: 360

Altars:
Ashenzari
Cheibriados
Dithmenos
Elyvilon
Fedhas
Gozag
Hepliaklqana
Kikubaaqudgha
Makhleb
Nemelex Xobeh
Okawaru
Qazlal
Ru
Sif Muna
Trog
Uskayaw
Vehumet
Wu Jian
Xom
Yredelemnul
The Shining One

Shops:
D:4 :=   D:7 (   D:9 (   Orc:1 (


Innate Abilities, Weirdness & Mutations

You passively map the area around you.
You are easily found by Zot.
You glow in the dark.
You regain HP and MP as you explore.


Message History

The orc hits you with a +0 hand axe. The warg bites your orange demon!
The orc warrior hits you from afar with a +0 halberd.
You block the orc warrior's attack.
Unknown command.
Unknown command.
You hit the orc knight but do no damage.
The orc knight is almost dead.
You barely miss the orc. You hit the orc warrior.
You feel better.
Your orange demon stings the warg!
Your orange demon barely misses the warg.
The warg completely misses your orange demon.
You block the orc warrior's attack. The orc closely misses you.
You block the orc warrior's attack.
The orc priest calls down the wrath of Beogh upon you.
Beogh smites you!
The orc knight hits you with a +1 battleaxe!
* * * LOW HITPOINT WARNING * * *
The orc knight completely misses your orange demon.
Unknown command.
You hit the orc knight but do no damage.
The orc knight is almost dead.
You hit the orc but do no damage. You slash the orc warrior!
You feel better. The warg bites your orange demon!
Your orange demon dies!
Your orange demon disappears in a puff of smoke!
The orc hits you but does no damage.
The orc warrior hits you from afar with a +0 halberd!
* * * LOW HITPOINT WARNING * * *
You block the orc warrior's attack.
The orc priest begins to cast a cantrip, but forgets the words!
Unknown command.
Unknown command.
You hit the orc knight but do no damage.
The orc knight is almost dead.
You hit the orc.
You kill the orc!
Makhleb accepts your kill.
You closely miss the orc warrior. You block the orc knight's attack.
The orc warrior hits you from afar with a +0 halberd!
You die...

, ...##............. ,,
,, ###.#........)).... ,
, , *,
#_#........><.).... *
#>#.........#))^).) ,
,,,, ,#.#.............)..
, * ,, .
#.#................ *
,,...,
#.#................
.....#8#..............#.
,....Oo)@..............#.
*
.....oooh............#..
*.....o.o................
##.##...#.#..###..##.#.#
# ########## ##*####


You could see an orc knight (poisoned, slow), a warg, 2 orc warriors, an ogre,
an orc priest (strong) and 2 orcs.

Vanquished Creatures
  The ghost of capka3m the Brawler, a novice TrMo of the Shining One (D:8)
  An orc knight (Orc:1)
  An orc sorcerer (Orc:1)
  An elephant (D:8)
  An unseen horror (D:6)
  A hornet (D:8)
  A troll (D:6)
  Sigmund (D:3)
  A wraith (D:6)
  2 shadows
  11 yaks (D:9)
  A wyvern (D:8)
  A basilisk (D:8)
  3 steam dragons
  A warg (D:9)
  3 vampire mosquitoes (D:9)
  Menkaure (D:5)
  A water moccasin (D:6)
  2 ice beasts
  7 orc warriors
  A black bear (D:8)
  A sky beast (D:7)
  2 ogres
  2 centaurs
  A phantom (D:6)
  3 kobold brigands
  A gnoll sergeant (D:6)
  3 bullfrogs
  4 scorpions
  2 howler monkeys
  A vampire bat (D:3)
  6 quasits (D:8)
  5 orc priests
  2 hounds (D:6)
  A gnoll bouda (D:9)
  6 iguanas
  Natasha (thrice) (D:2)
  17 orc wizards
  Robin (D:2)
  14 gnolls
  7 adders
  2 shadow imps
  3 white imps (D:6)
  2 ufetubi (D:6)
  3 worms
  3 dart slugs
  3 fire bats (D:3)
  39 orcs
  2 spectral bats (D:3)
  3 bat skeletons (D:3)
  A bat zombie (D:3)
  8 endoplasms
  4 giant cockroaches
  8 hobgoblins
  2 jackals (D:3)
  11 kobolds
  5 ball pythons
  17 bats
  A bat simulacrum (D:3)
  5 frilled lizards
  11 goblins
  7 rats
265 creatures vanquished.

Vanquished Creatures (collateral kills)
  A gnoll bouda (D:6)
  An orc wizard (Orc:1)
  5 gnolls (D:6)
  An orc (Orc:1)
8 creatures vanquished.

Vanquished Creatures (others)
  2 fungi (D:8)
  A plant (D:8)
3 creatures vanquished.

Grand Total: 276 creatures vanquished

Notes
Turn   | Place    | Note
-------+----------+-------------------------------------------
     0 | D:1      | Querens the Meteoran Fighter began the quest for the Orb.
     0 | D:1      | Reached XP level 1. HP: 19/19 MP: 2/2
    86 | D:1      | Reached XP level 2. HP: 26/26 MP: 3/3
   133 | D:1      | Found a faded altar of an unknown god.
   173 | D:1      | Reached XP level 3. HP: 28/31 MP: 4/4
   506 | D:2      | Noticed Robin
   510 | D:2      | Reached XP level 4. HP: 40/40 MP: 5/5
   521 | D:2      | Killed Robin
   673 | D:2      | Identified the +3 leather armour of the Morning {rN++}
   734 | D:2      | Noticed Natasha
   742 | D:2      | Killed Natasha
   743 | D:2      | Reached XP level 5. HP: 10/46 MP: 6/6
   746 | D:2      | Noticed Natasha
   778 | D:2      | Killed Natasha
   948 | D:2      | Noticed Natasha
   954 | D:2      | Killed Natasha
   991 | D:3      | Reached XP level 6. HP: 52/52 MP: 7/7
  1341 | D:3      | Noticed Sigmund
  1351 | D:3      | Killed Sigmund
  1352 | D:3      | Reached skill level 5 in Armour
  1352 | D:3      | Reached skill level 5 in Shields
  1352 | D:3      | Reached XP level 7. HP: 50/60 MP: 8/8
  1363 | D:3      | Found a hazy altar of Hepliaklqana.
  1613 | D:3      | Glimpsed the power of Zot.
  1639 | D:3      | Reached skill level 5 in Fighting
  1654 | D:3      | Glimpsed the power of Zot.
  1688 | D:3      | Glimpsed the power of Zot.
  1698 | D:3      | Touched by the power of Zot.
  1797 | D:3      | Glimpsed the power of Zot.
  1951 | D:4      | Reached skill level 5 in Axes
  1955 | D:4      | Found Etaet's Book Shoppe.
  2073 | D:4      | Found a bloodstained altar of Trog.
  2073 | D:4      | Found an iron altar of Okawaru.
  2078 | D:4      | Reached XP level 8. HP: 52/52 MP: 9/9
  2107 | D:4      | Found Isued's Jewellery Boutique.
  2184 | D:5      | Entered Level 5 of the Dungeon
  2184 | D:5      | Found a shimmering altar of Xom.
  2304 | D:5      | Found a sacrificial altar of Ru.
  2571 | D:5      | Noticed Menkaure
  2579 | D:5      | Killed Menkaure
  2808 | D:6      | Gained mutation: You passively map the area around you.
                  | [Meteoran growth]
  2808 | D:6      | Reached XP level 9. HP: 72/75 MP: 10/10
  2878 | D:6      | Found a staircase to the Ecumenical Temple.
  2885 | Temple   | Entered the Ecumenical Temple
  2895 | Temple   | Became a worshipper of Makhleb the Destroyer
  3117 | D:6      | Reached skill level 1 in Invocations
  3190 | D:6      | Found a large runed translucent door.
  3190 | D:6      | Found a large runed translucent door.
  3194 | D:6      | Noticed an unseen horror
  3311 | D:6      | Noticed a troll
  3442 | D:6      | Found a large runed translucent door.
  3443 | D:6      | Found a large runed translucent door.
  3480 | D:6      | Killed an unseen horror
  3512 | D:6      | Killed a troll
  3513 | D:6      | Reached XP level 10. HP: 17/86 MP: 12/14
  3604 | D:6      | Glimpsed the power of Zot.
  3652 | D:6      | Glimpsed the power of Zot.
  3691 | D:6      | Glimpsed the power of Zot.
  3701 | D:6      | Touched by the power of Zot.
  3757 | D:7      | Reached skill level 5 in Invocations
  3763 | D:7      | Reached * piety under Makhleb
  3846 | D:7      | Found Leceamaz's Weapon Shoppe.
  4145 | D:7      | Found a shimmering blue altar of Sif Muna.
  4158 | D:7      | Got Sif Muna's Writings on Lightning
  4160 | D:7      | Got Sif Muna's Compilation of Striking
  4162 | D:7      | Got Sif Muna's Codex of Orientation
  4174 | D:7      | Found an ancient bone altar of Kikubaaqudgha.
  4239 | D:7      | Found a shadowy altar of Dithmenos.
  4282 | D:8      | Found a transporter.
  4291 | D:8      | Noticed capka3m's ghost (novice TrMo)
  4363 | D:8      | Noticed an elephant
  4368 | D:8      | Found a staircase to the Lair.
  4376 | D:8      | Killed an elephant
  4385 | D:8      | Reached ** piety under Makhleb
  4388 | D:8      | Reached XP level 11. HP: 45/95 MP: 16/16
  4403 | D:8      | Found a transporter.
  4444 | D:8      | Killed capka3m's ghost
  4842 | D:9      | Reached skill level 10 in Armour
  4846 | D:9      | Reached skill level 10 in Shields
  5127 | D:9      | Found a staircase to the Orcish Mines.
  5148 | D:9      | Reached *** piety under Makhleb
  5207 | D:9      | Found Juqei's Weapon Shop.
  5317 | Orc:1    | Entered Level 1 of the Orcish Mines
  5317 | Orc:1    | Noticed an orc knight
  5327 | Orc:1    | Noticed an orc sorcerer
  5332 | Orc:1    | Noticed a sun demon
  5334 | Orc:1    | Killed an orc knight
  5335 | Orc:1    | Reached skill level 10 in Axes
  5338 | Orc:1    | Killed an orc sorcerer
  5339 | Orc:1    | Reached XP level 12. HP: 79/106 MP: 1/19
  5403 | Orc:1    | Found Nieniz's Weapon Shoppe.
  5510 | Orc:1    | Reached **** piety under Makhleb
  5536 | Orc:1    | Noticed an orc knight
  5554 | Orc:1    | Mangled by an orc warrior

Illustrated notes

Levels and vault maps discovered:
D:1:      eino_arrival_water_star, layout_loops_cross,
          ebering_ecumenical_altar_rust, nicolae_concentric_dashed_squares_mild
D:2:      layout_loops_cross, chequers_serial_rivers_marsh, uniq_natasha,
          uniq_robin
D:3:      layout_basic, mainiacjoe_overflow_surrounded_room, goddamned_bats,
          uniq_sigmund
D:4:      layout_rooms, grunt_temple_overflow_bloody_war, serial_shops, shop,
          shop, chequers_mini_garden
D:5:      layout_loops_ring, mainiacjoe_overflow_boulevard,
          mainiacjoe_overflow_six_doors_small, chequers_serial_rivers_room_b,
          corexii_item_surrounded_by_moat, minmay_misc_feat_nine_boxes,
          uniq_menkaure
D:6:      nicolae_cairo_tiling_large_dashed, layout_loops_corners,
          minmay_temple_entry_metal_lava, dk_vineyard_2, st_stairs_10,
          minmay_hollow_rounded_squares
D:7:      minmay_skewed_foursquare, layout_basic,
          nicolae_sif_muna_little_library, mainiacjoe_overflow_alcove_4,
          nicolae_overflow_hidden_temple, serial_shops, shop
D:8:      layout_rooms, david_lair_generic, gammafunk_ghost_stat_death
D:9:      layout_layer_cave, david_orc_3, serial_shops, shop,
          hangedman_abyss_or_decor_stabs
Temple:   compressed_dpeg_triangle_lava_temple
Orc:1:    layout_caves, serial_shops, nicolae_lakefront_shop,
          lemuel_statue_altar

Skill      XL: |  1  2  3  4  5  6  7  8  9 10 11 |
---------------+----------------------------------+-----
Armour         | 4 5 6 7 8 9 10 | 10.6
Shields        | 4 5 6 8 9 10 | 10.5
Axes           | 3 4 5 6 7 8 10 | 10.2
Fighting       | 4 5 6 7 8 9 |  9.7
Invocations    | 4 6 8 |  8.7

Action                   |  1- 3 |  4- 6 |  7- 9 | 10-12 || total
-------------------------+-------+-------+-------+-------++-------
Melee: War axe           |    66 |   107 |   298 |   179 ||   650
       Hand axe          |       |       |       |   180 ||   180
Throw: Javelin           |       |       |     3 |       ||     3
       Dart              |       |       |       |     4 ||     4
Invok: Lesser Servant of |       |       |       |     1 ||     1
Evoke: Wand              |       |       |     5 |     1 ||     6
  Use: Scroll            |       |       |     2 |     7 ||     9
       Potion            |       |       |       |     2 ||     2
 Stab: Sleeping          |       |       |       |     2 ||     2
       Confused          |       |       |       |     1 ||     1
Armor: Scale mail        |    27 |    47 |   224 |     2 ||   300
       Troll leather arm |       |       |       |   188 ||   188
Dodge: Dodged            |    20 |    33 |   127 |   136 ||   316
Block: Buckler           |    40 |    56 |   249 |   267 ||   612
       Reflection        |     2 |     1 |     3 |     2 ||     8

Table legend: (Time is in decaauts)
 A = Elapsed time spent in this place.
 B = Non-inter-level travel time spent in this place.
 C = Inter-level travel time spent in this place.
 D = Time resting spent in this place.
 E = Time spent auto-exploring this place.
 F = Levels seen in this place.
 G = Mean time per level.
                   A        B        C        D        E       F      G
               +--------+--------+--------+--------+--------+-----+--------+
         Total |   5715 |   5313 |    402 |      0 |      0 |  11 |  519.5 |
       Dungeon |   5404 |   5014 |    390 |      0 |      0 |   9 |  600.4 |
        Temple |     72 |     60 |     12 |      0 |      0 |   1 |   72.0 |
  Orcish Mines |    238 |    238 |      0 |      0 |      0 |   1 |  238.0 |
               +--------+--------+--------+--------+--------+-----+--------+

Top non-repeatable levels by time:
     D:6: 932 daAuts
     D:3: 885 daAuts
     D:9: 693 daAuts
     D:5: 586 daAuts
     D:2: 572 daAuts
     D:7: 556 daAuts
     D:1: 474 daAuts
     D:4: 365 daAuts
     D:8: 337 daAuts
   Orc:1: 238 daAuts
  Temple: 72 daAuts
